 Dungeon Crawl Stone Soup version 0.30-a0-778-g2ef04afb54 (webtiles) character file.

Game seed: 46617336388844034

160 Strat the Cudgeller (level 5, -1/38 (43) HPs)
             Began as a Gnoll Reaver on Feb 16, 2023.
             Slain by a gnoll
             ... wielding a +0 whip of freezing
              (5 damage)
             ... on level 3 of the Dungeon.
             The game lasted 00:04:13 (2305 turns).

Strat the Cudgeller (Gnoll Reaver)                  Turns: 2305, Time: 00:04:13

HP:   -1/38 (43)    AC:  3    Str: 14    XL:     5   Next: 41%
MP:   12/12         EV: 12    Int: 12    God:
Gold: 103           SH:  0    Dex: 10    Spells: 11/14 levels left

rFire   . . .      SeeInvis .    a - +2 flail (venom)
rCold   . . .      Faith    .    (no shield)
rNeg    . . .      Spirit   .    b - +0 leather armour
rPois   .          Reflect  .    (no helmet)
rElec   .          Harm     .    (no cloak)
rCorr   .          Rampage  .    (no gloves)
Will    .....                    (no boots)
Stlth   +                        (no amulet)
HPRegen 0.26/turn                (no ring)
MPRegen 0.13/turn                (no ring)

@: heavily drained
A: fangs 1, strong nose, distributed training
a: no special abilities


You were on level 3 of the Dungeon.
You visited 1 branch of the dungeon, and saw 3 of its levels.

You collected 103 gold pieces.

Inventory:

Hand Weapons
 a - a +2 flail of venom (weapon)
 i - a +0 mace
Armour
 b - a +0 leather armour (worn)
Scrolls
 c - a scroll of amnesia
 f - 2 scrolls of magic mapping
 g - a scroll of enchant armour {unknown}
 j - a scroll of teleportation {unknown}
 k - a scroll of fear {unknown}
Potions
 d - 2 potions of flight
 e - a potion of haste {unknown}
 h - a potion of might {unknown}


   Skills:
 + Level 4.8 Fighting
 + Level 1.5 Short Blades
 + Level 1.5 Long Blades
 + Level 1.5 Axes
 + Level 6.7 Maces & Flails
 + Level 1.5 Polearms
 + Level 1.5 Staves
 + Level 1.5 Ranged Weapons
 + Level 1.5 Throwing
 + Level 1.5 Armour
 + Level 4.8 Dodging
 + Level 1.5 Stealth
 + Level 1.5 Shields
 + Level 1.5 Unarmed Combat
 + Level 5.2 Spellcasting
 + Level 5.5 Conjurations
 + Level 1.2 Hexes
 + Level 1.2 Summonings
 + Level 1.2 Necromancy
 + Level 1.2 Translocations
 + Level 1.2 Transmutations
 + Level 1.2 Fire Magic
 + Level 1.2 Ice Magic
 + Level 1.2 Air Magic
 + Level 1.2 Earth Magic
 + Level 1.2 Poison Magic
 + Level 1.7 Invocations
 + Level 1.5 Evocations


You had 11 spell levels left.
You knew the following spells:

 Your Spells              Type           Power      Damage    Failure   Level
a - Kiss of Death         Conj/Necr      44%        2d8       6%          1
b - Momentum Strike       Conj/Tloc      22%        3d8       9%          2

Your spell library contained the following spells:

 Spells                   Type           Power      Damage    Failure   Level
 Necrotise                Necr           24%        1d5       14%         1
 Hailstorm                Conj/Ice       11%        3d5       19%         3
 Cigotuvi's Dreadful Rot  Necr/Pois/Air  12%        N/A       22%         2
 Poisonous Vapours        Pois/Air       12%        N/A       22%         2
 Mephitic Cloud           Conj/Pois/Air  9%         N/A       24%         3
 Gell's Gravitas          Tloc           6%         N/A       41%         3
 Teleport Other           Tloc           6%         N/A       41%         3
 Tukima's Dance           Hex            6%         N/A       41%         3
 Vampiric Draining        Necr           6%         2d6       41%         3
 Passage of Golubria      Tloc           6%         N/A       82%         4
 Agony                    Necr           6%         N/A       99%         5
 Yara's Violent Unravell  Hex/Tmut       3%         3d4       99%         5
 Dispersal                Tloc           3%         N/A       100%        6


Dungeon Overview and Level Annotations

Branches:
Dungeon (3/15)

Altars:

Shops:
D:1 (


Innate Abilities, Weirdness & Mutations

You have very sharp teeth.
Your uncanny sense of smell can sniff out nearby items.
Your experience applies equally to all skills.


Message History

* * * LOW HITPOINT WARNING * * *
The gnoll freezes you.
* * * LOW HITPOINT WARNING * * *
The gnoll hits you from afar with a +0 spear.
* * * LOW HITPOINT WARNING * * *
Okay, then.
As you read the scroll labelled LEFIF POAFOUF, it crumbles to dust.
It is a scroll of amnesia.
Really abort (and waste the scroll)?
Okay, then.
The gnoll closely misses you. The gnoll barely misses you.
Okay, then.
The gnoll attacks as you move away! The gnoll barely misses you.
The gnoll attacks as you move away!
The gnoll hits you with a +0 whip of freezing.
* * * LOW HITPOINT WARNING * * *
The gnoll freezes you.
* * * LOW HITPOINT WARNING * * *
The gnoll attacks as you move away! The gnoll misses you.
The gnoll attacks as you move away! The gnoll misses you.
The gnoll attacks as you move away! The gnoll hits you but does no damage.
The gnoll attacks as you move away! The gnoll closely misses you.
The gnoll attacks as you move away! The gnoll barely misses you.
The gnoll attacks as you move away!
The gnoll hits you with a +0 whip of freezing.
* * * LOW HITPOINT WARNING * * *
The gnoll freezes you.
* * * LOW HITPOINT WARNING * * *
The gnoll attacks as you move away! The gnoll closely misses you.
The gnoll attacks as you move away! The gnoll closely misses you.
The gnoll attacks as you move away!
The gnoll hits you with a +0 whip of freezing.
* * * LOW HITPOINT WARNING * * *
The gnoll freezes you.
* * * LOW HITPOINT WARNING * * *
There is an open door here.
The gnoll attacks as you move away! The gnoll misses you.
The gnoll attacks as you move away!
The gnoll hits you with a +0 whip of freezing.
You die...

#..# #.........##..###.## #.##
####.#######.......# #.# #.#
#..###..# #####.#### ##+##
#†......# # .....>...# ##...##
#.###...# # .####.##.###.....##
#.......# # .###..##.##.......##
#.#.#..## #
...................###......#####
................@gg'.g.g.........
..#...##...........####....######
..##.###..#.......## ##.#.# #
..##.###..##.....## ###.# #
.......÷..###...## #.#
####.###### ##+## #.# #[# #.# #.#
#)# #.# #.# #.# ##.## #.#


You could see 4 gnolls.

Vanquished Creatures
  4 gnolls (D:2)
  5 adders
  A worm (D:2)
  A dart slug (D:1)
  4 orcs (D:3)
  5 endoplasms
  A giant cockroach (D:1)
  7 goblins
  5 hobgoblins
  4 jackals
  3 kobolds
  3 quokkas
  9 ball pythons
  3 bats
  7 frilled lizards
  3 rats
65 creatures vanquished.

Notes
Turn   | Place    | Note
-------+----------+-------------------------------------------
     0 | D:1      | Strat the Gnoll Reaver began the quest for the Orb.
     0 | D:1      | Reached XP level 1. HP: 20/20 MP: 6/6
   108 | D:1      | Reached XP level 2. HP: 23/26 MP: 7/7
   111 | D:1      | Learned a level 2 spell: Momentum Strike
   163 | D:1      | Found a faded altar of an unknown god.
   178 | D:1      | Found Oraos's Antique Weapon Emporium.
   281 | D:1      | Reached skill level 5 in Spellcasting
   281 | D:1      | Reached XP level 3. HP: 31/31 MP: 7/9
   529 | D:1      | Reached skill level 1 in Invocations
   865 | D:2      | Reached skill level 1 in Short Blades
   865 | D:2      | Reached skill level 1 in Long Blades
   865 | D:2      | Reached skill level 1 in Axes
   865 | D:2      | Reached skill level 1 in Polearms
   865 | D:2      | Reached skill level 1 in Staves
   865 | D:2      | Reached skill level 1 in Ranged Weapons
   865 | D:2      | Reached skill level 1 in Throwing
   865 | D:2      | Reached skill level 1 in Armour
   865 | D:2      | Reached skill level 1 in Stealth
   865 | D:2      | Reached skill level 1 in Shields
   865 | D:2      | Reached skill level 1 in Unarmed Combat
   865 | D:2      | Reached skill level 1 in Evocations
   868 | D:2      | Reached XP level 4. HP: 33/35 MP: 11/11
   986 | D:2      | Reached skill level 1 in Hexes
   986 | D:2      | Reached skill level 1 in Summonings
   986 | D:2      | Reached skill level 1 in Necromancy
   986 | D:2      | Reached skill level 1 in Translocations
   986 | D:2      | Reached skill level 1 in Transmutations
   986 | D:2      | Reached skill level 1 in Fire Magic
   986 | D:2      | Reached skill level 1 in Ice Magic
   986 | D:2      | Reached skill level 1 in Air Magic
   986 | D:2      | Reached skill level 1 in Earth Magic
   986 | D:2      | Reached skill level 1 in Poison Magic
  1054 | D:2      | Reached XP level 5. HP: 35/43 MP: 10/12
  2183 | D:3      | Identified the +4 dagger of Disaster {heavy, rN+ Int+3}
  2305 | D:3      | Slain by a gnoll

Illustrated notes

Levels and vault maps discovered:
D:1:      reono_arrival_forest_river, layout_rooms,
          hellmonk_ecumenical_altar_run_dry, serial_shops,
          nicolae_shop_waterfront
D:2:      layout_loops_ring
D:3:      layout_loops_corners, nicolae_overflow_hidden_temple,
          gammafunk_ghost_cemetery, uniq_grinder

Skill      XL: |  1  2  3  4 |
---------------+-------------+-----
Spellcasting   | 5 |  5.2
Invocations    | 1 |  1.7
Short Blades   | 1 |  1.5
Long Blades    | 1 |  1.5
Axes           | 1 |  1.5
Polearms       | 1 |  1.5
Staves         | 1 |  1.5
Ranged Weapons | 1 |  1.5
Throwing       | 1 |  1.5
Armour         | 1 |  1.5
Stealth        | 1 |  1.5
Shields        | 1 |  1.5
Unarmed Combat | 1 |  1.5
Evocations     | 1 |  1.5
Hexes          | 1 |  1.2
Summonings     | 1 |  1.2
Necromancy     | 1 |  1.2
Translocations | 1 |  1.2
Transmutations | 1 |  1.2
Fire Magic     | 1 |  1.2
Ice Magic      | 1 |  1.2
Air Magic      | 1 |  1.2
Earth Magic    | 1 |  1.2
Poison Magic   | 1 |  1.2
Fighting       | |  4.8
Maces & Flails | |  6.7
Dodging        | |  4.8
Conjurations   | |  5.5

Action                     |  1- 3 |  4- 6 || total
---------------------------+-------+-------++-------
  Melee: Mace              |   111 |    90 ||   201
         Bite              |     9 |    14 ||    23
         Punch             |       |     2 ||     2
         Flail             |       |    10 ||    10
   Cast: Momentum Strike   |     2 |     6 ||     8
         Kiss of Death     |     1 |     1 ||     2
    Use: Scroll            |     3 |     1 ||     4
         Potion            |     1 |       ||     1
   Stab: Sleeping          |     1 |     1 ||     2
 Armour: Leather armour    |    41 |    18 ||    59
  Dodge: Dodged            |    77 |    70 ||   147

Table legend: (Time is in decaauts)
 A = Elapsed time spent in this place.
 B = Non-inter-level travel time spent in this place.
 C = Inter-level travel time spent in this place.
 D = Time resting spent in this place.
 E = Time spent auto-exploring this place.
 F = Levels seen in this place.
 G = Mean time per level.
                   A        B        C        D        E       F      G
               +--------+--------+--------+--------+--------+-----+--------+
         Total |   2328 |   2271 |     57 |    135 |   1583 |   3 |  776.0 |
       Dungeon |   2328 |   2271 |     57 |    135 |   1583 |   3 |  776.0 |
               +--------+--------+--------+--------+--------+-----+--------+

Top non-repeatable levels by time:
     D:2: 968 daAuts
     D:1: 719 daAuts
     D:3: 640 daAuts
